 Dungeon Crawl Stone Soup version 0.24.1-8-ga250c9d538 (webtiles) character file.

Game seed: 2660955511516834131, levelgen mode: deterministic

32 Hugehornet the Insei (level 3, -2/23 HPs)
             Began as an Octopode Transmuter on May 8, 2020.
             Slain by an adder (3 damage)
             ... on level 2 of the Dungeon.
             The game lasted 00:02:36 (1007 turns).

Hugehornet the Insei (Octopode Transmuter)          Turns: 1007, Time: 00:02:37

Health: -2/23      AC:  1    Str:  6 (9)  XL:     3   Next: 25%
Magic:  6/6        EV: 19    Int: 14 (16) God:
Gold:   106        SH:  0    Dex: 16 (17) Spells: 1/7 levels left

rFire    . . .     SeeInvis .     - Unarmed
rCold    . . .     Gourm    .   (no shield)
rNeg     . . .     Faith    .   (helmet restricted)
rPois    .         Spirit   .   (no amulet)
rElec    .         Reflect  .   d - ring of resist corrosion
rCorr    +         Harm     .   (no ring)
MR       .....                  (no ring)
Stlth    +++.......             (no ring)
HPRegen  0.07/turn              (no ring)
MPRegen  0.10/turn              (no ring)
                                (no ring)
                                (no ring)

@: agile, lethally poisoned (-2 -> -9), appendage (expiring)
A: almost no armour, stealthy swim, amphibious, 8 rings, constrict 8, tentacle
spike 3, camouflage 1, gelatinous body 1
a: End Transformation


You were on level 2 of the Dungeon.
You were hungry.
One of your tentacles had a temporary spike.
You visited 1 branch of the dungeon, and saw 2 of its levels.

You collected 106 gold pieces.

Inventory:

Missiles
 a - 12 arrows
Jewellery
 d - a ring of resist corrosion (left tentacle)
Comestibles
 c - 2 rations


   Skills:
 - Level 1.0 Fighting
 - Level 2.0 Dodging
 + Level 3.0 Unarmed Combat
 + Level 2.5 Spellcasting
 - Level 3.0 Transmutations
 * Level 0.4 Poison Magic


You had one spell level left.
You knew the following spells:

 Your Spells              Type           Power        Failure   Level  Hunger
a - Beastly Appendage     Tmut           ##....       7%          1    #......
b - Sticks to Snakes      Tmut           ##......     10%         2    ###....
c - Spider Form           Tmut/Pois      #.........   32%         3    ###....

Your spell library contained the following spells:

 Spells                   Type           Power        Failure   Level  Hunger
 Ice Form                 Ice/Tmut       #.......     77%         4    #####..
 Blade Hands              Tmut           ##........   88%         5    ######.


Dungeon Overview and Level Annotations

Branches:
Dungeon (2/15)

Altars:
Sif Muna

Annotations:
D:2 Robin


Innate Abilities, Weirdness & Mutations

You cannot wear most types of armour.
You are very stealthy in the water. (Stealth+)
You are amphibious.
You can wear up to eight rings at the same time.
You can use your tentacles to constrict eight enemies at once.
Your skin changes colour to match your surroundings (Stealth+).
Your rubbery body absorbs attacks. (AC +1, EV +1)
One of your tentacles bears a large vicious spike.


Message History

You tentacle-slap the leopard gecko, but do no damage.
You squeeze the leopard gecko.
You kill the leopard gecko!
* * * LOW HITPOINT WARNING * * *
You feel sick. The adder closely misses you.
Okay, then.
As you read the scroll labeled AJOON YXADA, it crumbles to dust.
It is a scroll of identify.
You don't have any unidentified items.
Your transformation is almost over.
The adder misses you.
You miss the adder. Your grab misses the adder.
The adder completely misses you.
You barely miss the adder. Your grab misses the adder. You squeeze the adder.
The adder is heavily wounded.
The adder bites you.
* * * LOW HITPOINT WARNING * * *
You are more poisoned.
The adder poisons you! The adder bites you.
You die...

...........#
#######..
...........# ...
...........#
####
....(......#####
........(.......
######K###.....
####### #l# ...
##≈≈≈≈≈## #S# .
#≈≈≈≈≈≈≈# #@#
#≈≈...≈≈###.#
#≈≈._...'...#
#≈≈...≈≈##..#
#≈≈≈≈≈≈≈###.##
##≈≈≈≈≈###...#
#######.....#
#.........#
#.........#


You could see an adder, a kobold and a frilled lizard.

Vanquished Creatures
  A leopard gecko (D:2)
  A ball python (D:1)
  A giant cockroach (D:2)
  4 goblins
  5 hobgoblins
  2 jackals (D:1)
  4 bats
  4 frilled lizards (D:1)
  2 kobolds (D:1)
  4 rats (D:1)
28 creatures vanquished.

Notes
Turn   | Place    | Note
-------+----------+-------------------------------------------
     0 | D:1      | Hugehornet the Octopode Transmuter began the quest for the
                  | Orb.
     0 | D:1      | Reached XP level 1. HP: 13/13 MP: 3/3
    53 | D:1      | Reached XP level 2. HP: 15/18 MP: 3/5
    59 | D:1      | Learned a level 2 spell: Sticks to Snakes
   644 | D:2      | Noticed Robin
   649 | D:2      | Reached XP level 3. HP: 15/23 MP: 4/6
   820 | D:1      | Learned a level 3 spell: Spider Form
   980 | D:2      | Found a shimmering blue altar of Sif Muna.
  1007 | D:2      | HP: 1/23 [adder (2)]
  1007 | D:2      | Slain by an adder

Levels and vault maps discovered:
D:1:      evilmike_arrival_plus, layout_rooms
D:2:      layout_basic, led_sif_pool, uniq_robin, uniq_terence

Skill      XL: |  1  2 |
---------------+-------+-----
Transmutations | 3 |  3.0
Fighting       | |  1.0
Dodging        | |  2.0
Unarmed Combat | |  3.0
Spellcasting   | |  2.5
Poison Magic   | |  0.4

Action                   || total
-------------------------++-------
Melee: Unarmed           ||    55
       Constrict         ||    19
       Kick              ||    11
       Tentacles         ||     9
       Punch             ||     2
 Cast: Beastly Appendage ||    12
  Use: Potion            ||     2
       Scroll            ||     1
 Stab: Sleeping          ||     1
Armor: Skin              ||     7
Dodge: Dodged            ||    46
